Map: [ESL] Oceanborn

Players

goblin - Winner!

  • Race: Protoss Protoss
  • Spawn Location: 11:00

SKillous

  • Race: Protoss Protoss
  • Spawn Location: 5:00

Event: ESL SC2 Masters 2024 Spring (Regional)

VOD

Have the link to the VOD?

Description

Time

  • Played on: April 18, 2024, 12:11 p.m.
  • Length: 9:29

All games in this series

Show
View Real Time Build Order
Export as new Build Order

goblin Protoss - Winner!

Build Orders:  

Get SALT Encoding   

  12  0:00  Probe  
  13  0:12  Probe  
  14  0:16  Pylon  
  14  0:24  Probe (Chrono Boost)  
  15  0:35  Gateway  
  15  0:36  Probe (Chrono Boost)  
  16  0:44  Probe (Chrono Boost)  
  16  0:45  Assimilator  
  17  0:51  Probe  
  17  0:54  Assimilator  
  18  1:03  Probe (Chrono Boost)  
  19  1:06  Gateway  
  19  1:13  Probe (Chrono Boost)  
  19  1:18  Probe (Chrono Boost)  
  20  1:23  Cybernetics Core  
  21  1:29  Probe  
  22  1:33  Pylon  
  22  1:41  Probe  
  23  1:53  Probe  
  24  2:00  Sentry, Stalker  
  28  2:01  Warp Gate  
  28  2:05  Probe  
  29  2:10  Pylon  
  29  2:18  Probe  
  30  2:28  Stalker  
  32  2:30  Probe  
  32  2:33  Sentry  
  36  2:49  Nexus  
  35  2:56  Pylon  
  35  3:00  Shield Battery  
  35  3:03  Sentry  
  37  3:06  Probe  
  40  3:25  Probe  
  41  3:28  Robotics Facility  
  39  3:37  Probe  
  40  3:41  Nexus  
  40  3:49  Probe  
  41  3:55  Stalker x2  
  41  4:02  Probe  
  46  4:04  Probe  
  47  4:12  Pylon  
  47  4:14  Probe  
  47  4:15  Observer (Chrono Boost)  
  48  4:20  Sentry x2  
  48  4:24  Probe  
  54  4:31  Warp Prism (Chrono Boost), Shield Battery  
  56  4:44  Sentry  
  56  4:45  Stalker  
  56  4:58  Probe  
  55  5:13  Probe x2 (Chrono Boost)  
  53  5:15  Probe (Chrono Boost)  
  53  5:16  Immortal (Chrono Boost)  
  53  5:17  Observer  
  58  5:25  Probe x2 (Chrono Boost)  
  58  5:27  Assimilator, Probe (Chrono Boost), Sentry  
  58  5:28  Zealot, Assimilator  
  65  5:31  Probe x2 (Chrono Boost)  
  65  5:32  Probe (Chrono Boost)  
  65  5:34  Gateway  
  65  5:35  Gateway  
  68  5:39  Probe x2  
  68  5:42  Probe  
  71  5:51  Immortal (Chrono Boost), Probe x2  
  71  5:54  Probe, Adept x2  
  82  6:03  Probe x2  
  83  6:16  Probe  
  84  6:19  Probe  
  84  6:20  Twilight Council  
  85  6:27  Pylon  
  85  6:28  Pylon  
  85  6:38  Pylon x2  
  85  6:42  Forge  
  85  6:45  Probe x3  
  88  6:48  Immortal  
  88  6:53  Sentry x2, Adept  
  98  6:54  Stalker  
  98  6:57  Blink (Chrono Boost), Probe x2 (Chrono Boost)  
  103  7:03  Probe (Chrono Boost)  
  101  7:11  Probe (Chrono Boost)  
  101  7:13  Protoss Ground Weapons Level 1 (Chrono Boost), Probe  
  99  7:17  Zealot, Stalker x2  
  99  7:21  Gateway  
  103  7:23  Gateway  
  103  7:28  Probe x2  
  101  7:34  Probe  
  101  7:36  Immortal (Chrono Boost)  
  104  7:42  Stalker  
  104  7:43  Zealot, Stalker x2  
  110  7:51  Probe x2  
  110  7:53  Assimilator  
  110  7:54  Assimilator  
  110  7:57  Gateway  
  110  7:58  Gateway  
  110  7:59  Pylon  
  104  8:10  Stalker x4  
  104  8:12  Warp Prism (Chrono Boost)  
  110  8:26  Nexus  
  108  8:27  Pylon  
  108  8:34  Stalker x3  
  108  8:35  Sentry  
  108  8:36  Probe x2  
  112  8:47  Stalker x2  
  106  8:50  Probe x2  
  106  8:52  Gateway  
  106  8:54  Gateway  
  104  9:01  Stalker  
  104  9:02  Stalker x2  
  108  9:03  Stalker  
  108  9:14  Sentry, Stalker x3  
  116  9:25  Stalker x2  
  116  9:26  Stalker  
Show
View Real Time Build Order
Export as new Build Order

SKillous Protoss 

Build Orders: Phoenix Opening 

Get SALT Encoding   

  12  0:00  Probe  
  13  0:12  Probe  
  14  0:17  Pylon  
  14  0:24  Probe  
  15  0:35  Gateway  
  15  0:37  Probe (Chrono Boost)  
  16  0:46  Assimilator, Probe (Chrono Boost)  
  17  0:51  Probe  
  17  0:54  Assimilator  
  18  1:03  Probe (Chrono Boost)  
  19  1:12  Probe (Chrono Boost), Gateway  
  19  1:17  Probe (Chrono Boost)  
  20  1:23  Cybernetics Core  
  21  1:30  Probe  
  22  1:34  Pylon  
  22  1:42  Probe  
  23  1:54  Probe  
  24  2:00  Adept x2  
  24  2:01  Warp Gate  
  28  2:06  Probe  
  29  2:10  Pylon  
  29  2:16  Pylon  
  29  2:19  Probe  
  30  2:29  Sentry x2  
  34  2:44  Nexus  
  34  2:46  Probe  
  35  2:52  Sentry  
  35  2:58  Robotics Facility  
  37  3:00  Probe  
  37  3:01  Phoenix  
  38  3:07  Pylon  
  38  3:12  Probe  
  39  3:25  Probe  
  40  3:37  Probe  
  41  3:42  Immortal (Chrono Boost)  
  45  3:49  Sentry  
  47  3:56  Probe  
  47  3:57  Probe  
  47  4:00  Sentry  
  51  4:08  Probe (Chrono Boost)  
  51  4:09  Pylon, Probe (Chrono Boost)  
  53  4:11  Warp Prism (Chrono Boost)  
  53  4:12  Sentry  
  57  4:23  Stalker  
  60  4:26  Probe (Chrono Boost)  
  60  4:27  Probe (Chrono Boost)  
  61  4:32  Probe (Chrono Boost)  
  62  4:38  Immortal (Chrono Boost)  
  62  4:40  Probe  
  67  4:48  Probe  
  67  4:52  Nexus  
  66  4:54  Probe  
  63  5:00  Probe  
  63  5:02  Stalker x2  
  63  5:06  Probe  
  61  5:12  Probe  
  52  5:15  Immortal (Chrono Boost)  
  52  5:16  Twilight Council  
  52  5:18  Probe  
  52  5:21  Assimilator  
  53  5:23  Assimilator  
  53  5:25  Probe  
  53  5:26  Pylon, Adept  
  53  5:27  Adept  
  58  5:31  Probe  
  59  5:37  Probe, Shield Battery  
  60  5:43  Probe  
  60  5:49  Probe  
  62  5:52  Immortal (Chrono Boost)  
  62  5:55  Probe  
  65  5:58  Stalker x2  
  65  6:01  Probe  
  70  6:04  Shield Battery  
  70  6:05  Probe  
  70  6:07  Probe  
  72  6:13  Probe  
  72  6:17  Probe  
  72  6:18  Blink (Chrono Boost)  
  70  6:19  Warp Prism (Chrono Boost), Probe  
  72  6:27  Probe  
  72  6:29  Shield Battery  
  72  6:30  Probe  
  72  6:32  Sentry x2  
  78  6:36  Probe  
  79  6:41  Gateway  
  79  6:42  Probe  
  79  6:43  Probe, Gateway  
  79  6:46  Observer (Chrono Boost), Gateway  
  81  6:48  Gateway  
  81  6:53  Probe  
  84  6:58  Gateway  
  84  6:59  Observer (Chrono Boost)  
  84  7:00  Gateway  
  83  7:02  Stalker  
  82  7:10  Stalker  
  80  7:17  Shield Battery  
  80  7:20  Probe  
  81  7:24  Immortal  
  81  7:26  Pylon  
  81  7:28  Stalker  
  80  7:35  Stalker x2  
  74  7:37  Stalker  
  74  7:43  Stalker x2  
  69  7:52  Stalker  
  69  7:55  Stalker  
  69  7:56  Stalker  
  61  8:13  Warp Prism  
  61  8:18  Stalker x4  
  71  8:24  Stalker  
  73  8:27  Pylon  
  69  8:44  Stalker x4  
  63  9:01  Stalker x4  
  67  9:09  Stalker  
  69  9:15  Stalker x2  
  73  9:21  Stalker  
Tags
 
Add a new tag
Caveats
  • Supply blocks, unpowered buildings, or Contaminate may cause inaccurate times.
  • Supply counts are checked every 10 seconds.